 Dungeon Crawl Stone Soup version 0.32-a0-938-g40ac7a0 (webtiles) character file.

Game seed: 8714550730642142026

1620 Dorkslayer the Ruffian (level 8, 0/54 HPs)
             Began as an Octopode Fighter on Apr 17, 2024.
             Was a Priest of Okawaru.
             Slain by a troll zombie (10 damage)
             ... in an ossuary.
             The game lasted 00:10:38 (4706 turns).

Dorkslayer the Ruffian (Octopode Fighter)           Turns: 4706, Time: 00:10:40

Health: 0/54       AC:  1    Str: 17    XL:     8   Next: 96%
Magic:  10/10      EV: 14    Int: 15    God:    Okawaru [***...]
Gold:   245        SH:  5    Dex: 21    Spells: 7/7 levels left

rFire   . .          .
                       - Unarmed
rCold   . . .        a - +0 buckler
rNeg    . . .        (helmet currently unavailable)
rPois   .            (no amulet)
rElec   .            f - +6 ring of dexterity
rCorr   .            i - +6 ring of intelligence
SInv    .            (no ring)
Will    .....        (no ring)
Stlth   +++++        (no ring)
HPRegen 0.29/turn    (no ring)
MPRegen 0.12/turn    (no ring)
                     (no ring)

%: clarity
@: beast-form
A: beast (slay +2), almost no armour, amphibious, 8 rings, camouflage 1,
gelatinous body 1, (nimble swimmer 1), tentacles, agile 1, clarity, MP-powered
wands
a: Begin Untransformation, Renounce Religion, Heroism


You were in an ossuary.
You worshipped Okawaru.
Okawaru was most pleased with you.
You were a hulking beast.
You visited 2 branches of the dungeon, and saw 7 of its levels.
You also visited: Ossuary.

You collected 245 gold pieces.

Inventory:

Hand Weapons
 k - a +1 war axe
Missiles
 d - a throwing net (quivered)
 j - 2 boomerangs
Armour
 a - a +0 buckler (worn)
Jewellery
 f - a +6 ring of dexterity (left tentacle)
 i - a +6 ring of intelligence (right tentacle)
Talismans
 e - a beast talisman (active)
Wands
 c - a wand of iceblast (6)
 l - a wand of flame (10)
Scrolls
 p - 2 scrolls of teleportation
Potions
 b - a potion of heal wounds
 g - a potion of berserk rage {unknown}
 h - a potion of lignification
 m - a potion of invisibility {unknown}
 r - 2 potions of brilliance {unknown}
 s - a potion of mutation


   Skills:
 + Level 3.7 Fighting
 + Level 0.4 Throwing
 + Level 3.7 Dodging
 + Level 6.2 Stealth
 + Level 3.5 Shields
 * Level 7.0 Unarmed Combat
 * Level 2.8 Invocations
 * Level 3.2 Evocations
 * Level 3.9 Shapeshifting


You had 7 spell levels left.
You didn't know any spells.
Your spell library contained the following spells:

 Spells                   Type           Power      Damage    Failure   Level
 Freeze                   Ice            0%         1d3       34%         1
 Sandblast                Erth           0%         2d4       34%         1
 Lesser Beckoning         Tloc           0%         N/A       45%         2
 Frozen Ramparts          Ice            0%         1d1       71%         3
 Hailstorm                Conj/Ice       0%         3d5       71%         3
 Maxwell's Portable Pile  Tloc           0%         2d(5-13)  71%         3
 Stone Arrow              Conj/Erth      0%         3d7       71%         3
 Teleport Other           Tloc           0%         N/A       71%         3
 Brom's Barrelling Bould  Conj/Erth      0%         2d3       98%         4


Dungeon Overview and Level Annotations

Branches:
Dungeon (6/15)             Temple (1/1) D:4         Ossuary (1/1)

Altars:
Ashenzari
Cheibriados
Elyvilon
Gozag
Hepliaklqana
Kikubaaqudgha
Nemelex Xobeh
Okawaru
Qazlal
Ru
Sif Muna
Vehumet
Wu Jian
Xom
The Shining One

Shops:
D:1 (


Innate Abilities, Weirdness & Mutations

You are a hulking beast.
Your limbs bulge with bestial killing power. (Slay +2)
You cannot wear most types of armour.
You are amphibious.
You can wear up to eight rings at the same time.
Your skin changes colour to match your surroundings (Stealth+).
Your rubbery body absorbs attacks. (AC +1, EV +1)
((You are camouflaged when in or above water. (Stealth+)))
You have tentacles for arms and can constrict up to eight enemies at once.
You are agile. (Dex +4, Str/Int -1)
You possess an exceptional clarity of mind.
You expend magic power (3 MP) to strengthen your wands.


Message History

Magic restored.
There is an open door here.
There is an open door here.
There is an open door here.
You open the door.
There is an open door here.
There is an open door here.
There is an open door here.
You open the door.
A troll zombie comes into view.
There is an open door here.
The helpless troll zombie fails to defend itself.
You bludgeon the troll zombie!
The troll zombie is moderately damaged.
The troll zombie bites you. The troll zombie closely misses you.
The troll zombie claws you.
You tentacle-slap the troll zombie.
The troll zombie is moderately damaged.
The troll zombie barely misses you. The troll zombie claws you.
The troll zombie claws you!
You tentacle-slap the troll zombie but do no damage.
You squeeze the troll zombie!
The troll zombie is heavily damaged.
You barely miss the troll zombie.
The troll zombie is heavily damaged.
You block the troll zombie's attack. x2; The troll zombie claws you!
You tentacle-slap the troll zombie. x2
The troll zombie is severely damaged.
The troll zombie closely misses you. The troll zombie claws you.
The troll zombie closely misses you.
You barely miss the troll zombie.
The troll zombie is severely damaged.
You bludgeon the troll zombie!
The troll zombie is almost destroyed.
The troll zombie bites you!
* * * LOW HITPOINT WARNING * * *
The troll zombie claws you.
* * * LOW HITPOINT WARNING * * *
The troll zombie claws you!
You die...

#..#.# #..#.+ #..'.#
#..### #..#.# #..#.+
#..'.# #..######## #####
#..#.'..hZ# #....
#..#.#....# #....
#..'.#....# #....
#..###....+ #....
#..#.####################
#..#.#....#....#....#....
#..'.'....#....#....#....
#..###....#....#....#....
#..#.#....#....#....#....


You could see a troll zombie.

Vanquished Creatures
  Eustachio (D:5)
  A water moccasin (D:5)
  A sky beast (D:6)
  2 black bears
  3 ice beasts
  An ogre (D:4)
  A phantom (D:5)
  A kobold brigand (D:5)
  An elf zombie (Ossuary)
  A bullfrog (D:6)
  A scorpion (D:4)
  A bombardier beetle (D:5)
  2 hounds
  A jelly (D:4)
  A sleepcap (D:5)
  An iguana (D:5)
  Ijyb (D:4)
  An orc wizard (D:4)
  An ogre zombie (Ossuary)
  2 mummies (Ossuary)
  4 adders
  A white imp (D:5)
  3 adder zombies (Ossuary)
  3 dart slugs
  3 ribbon worms
  3 orcs (D:4)
  6 ball pythons
  A bat (D:2)
  5 endoplasms
  2 giant cockroaches
  6 goblins
  8 hobgoblins
  20 kobolds
  A quokka (D:5)
  2 frilled lizards (D:1)
  5 goblin zombies (Ossuary)
  2 hobgoblin zombies (Ossuary)
  5 kobold zombies (Ossuary)
  5 quokka zombies (Ossuary)
  6 rats
  4 rat zombies (Ossuary)
120 creatures vanquished.

Notes
Turn   | Place    | Note
-------+----------+-------------------------------------------
     0 | D:1      | Dorkslayer the Octopode Fighter began the quest for the
                  | Orb.
     0 | D:1      | Reached XP level 1. HP: 16/16 MP: 1/1
   237 | D:1      | Reached XP level 2. HP: 21/21 MP: 2/2
   385 | D:1      | Found Lysessao's Antique Weapon Boutique.
   689 | D:2      | Reached XP level 3. HP: 10/26 MP: 3/3
   862 | D:2      | Reached skill level 1 in Stealth
  1297 | D:2      | Reached skill level 1 in Shapeshifting
  1532 | D:3      | Reached XP level 4. HP: 30/31 MP: 4/4
  1749 | D:3      | Found a faded altar of an unknown god.
  2244 | D:4      | Found an ancient bone altar of Kikubaaqudgha.
  2244 | D:4      | Noticed a scorpion
  2262 | D:4      | Killed a scorpion
  2263 | D:4      | Reached skill level 3 in Unarmed Combat
  2263 | D:4      | Reached XP level 5. HP: 33/36 MP: 5/5
  2391 | D:4      | Noticed an ogre
  2394 | D:4      | Found a staircase to the Ecumenical Temple.
  2406 | D:4      | Killed an ogre
  2407 | D:4      | Reached XP level 6. HP: 23/42 MP: 6/6
  2421 | D:4      | HP: 1/42 [something (3)]
  2481 | Temple   | Entered the Ecumenical Temple
  2501 | Temple   | Became a worshipper of Warmaster Okawaru
  2812 | D:4      | Noticed Ijyb
  2813 | D:4      | Noticed a black bear
  2825 | D:4      | Killed Ijyb
  2826 | D:4      | Reached skill level 4 in Unarmed Combat
  2873 | D:4      | Killed a black bear
  2990 | D:4      | Reached skill level 1 in Evocations
  2990 | D:4      | Reached XP level 7. HP: 42/46 MP: 7/7
  3079 | D:5      | Entered Level 5 of the Dungeon
  3089 | D:5      | Identified a scroll of acquirement
  3089 | D:5      | Acquired a +6 ring of dexterity
  3251 | D:5      | Noticed Eustachio
  3261 | D:5      | Gained mutation: You are agile. (Dex +4, Str/Int -1)
                  | [potion of mutation]
  3261 | D:5      | Gained mutation: You expend magic power (3 MP) to
                  | strengthen your wands. [potion of mutation]
  3261 | D:5      | Gained mutation: You possess an exceptional clarity of
                  | mind. [potion of mutation]
  3268 | D:5      | Killed Eustachio
  3268 | D:5      | Reached * piety under Okawaru
  3269 | D:5      | Reached skill level 5 in Stealth
  3269 | D:5      | Reached skill level 5 in Unarmed Combat
  3269 | D:5      | Reached skill level 1 in Invocations
  3376 | D:5      | Found a snail-covered altar of Cheibriados.
  3601 | D:5      | Reached ** piety under Okawaru
  3602 | D:5      | Reached XP level 8. HP: 39/53 MP: 9/9
  3697 | D:5      | Reached skill level 6 in Unarmed Combat
  4382 | D:6      | Reached *** piety under Okawaru
  4388 | D:6      | Found a sand-covered staircase.
  4393 | Ossuary  | Entered an ossuary
  4601 | Ossuary  | Reached skill level 7 in Unarmed Combat
  4706 | Ossuary  | Slain by a troll zombie

Illustrated notes

Levels and vault maps discovered:
D:1:      minmay_arrival_cross, layout_loops_ring, serial_shops,
          nicolae_shop_dealshenge, nicolae_eternal_life
D:2:      layout_loops_ring
D:3:      layout_basic, shapermc_ecumenical_altar_ellora
D:4:      nicolae_cairo_tiling, layout_basic, lemuel_crystal_altar,
          minmay_temple_entry_drinking_statues, uniq_ijyb
D:5:      layout_basic, cheibriados_altar_1, uniq_eustachio
D:6:      layout_loops_corners, enter_ossuary_2
Temple:   nicolae_temple_ecumenical_triangle
Ossuary:  ossuary_boxes_badplayer

Skill      XL: |  1  2  3  4  5  6  7  8 |
---------------+-------------------------+-----
Stealth        | 1 2 3 5 6 |  6.2
Shapeshifting  | 1 2 3 |  3.9
Unarmed Combat | 3 4 5 7 |  7.0
Evocations     | 1 2 3 |  3.2
Invocations    | 1 2 |  2.8
Fighting       | |  3.7
Throwing       | |  0.4
Dodging        | |  3.7
Shields        | |  3.5

Action                     |  1- 3 |  4- 6 |  7- 9 || total
---------------------------+-------+-------+-------++-------
  Melee: Unarmed           |    59 |    76 |   124 ||   259
         Tentacles         |    14 |    16 |    33 ||    63
         Constrict         |    19 |    20 |    28 ||    67
         Punch             |       |     4 |     9 ||    13
  Throw: Throwing net      |       |     5 |       ||     5
    Use: Potion            |       |     3 |     1 ||     4
         Scroll            |       |       |    10 ||    10
   Stab: Sleeping          |     9 |     7 |    28 ||    44
         Held in net/web   |       |     2 |       ||     2
         Distracted        |       |     1 |       ||     1
 Armour: Skin              |    23 |    33 |    38 ||    94
  Dodge: Dodged            |    19 |    27 |    40 ||    86
  Block: Buckler           |    11 |     5 |    23 ||    39
   Form: Beast             |     1 |       |       ||     1

Table legend: (Time is in decaauts)
 A = Elapsed time spent in this place.
 B = Non-inter-level travel time spent in this place.
 C = Inter-level travel time spent in this place.
 D = Time resting spent in this place.
 E = Time spent auto-exploring this place.
 F = Levels seen in this place.
 G = Mean time per level.
                   A        B        C        D        E       F      G
               +--------+--------+--------+--------+--------+-----+--------+
         Total |   4693 |   4693 |      0 |     43 |   2545 |   8 |  586.6 |
       Dungeon |   4358 |   4358 |      0 |     43 |   2505 |   6 |  726.3 |
        Temple |     25 |     25 |      0 |      0 |      0 |   1 |   25.0 |
       Ossuary |    308 |    308 |      0 |      0 |     40 |   1 |  308.0 |
               +--------+--------+--------+--------+--------+-----+--------+

Top non-repeatable levels by time:
     D:5: 1187 daAuts
     D:2: 841 daAuts
     D:4: 809 daAuts
     D:3: 723 daAuts
     D:1: 676 daAuts
 Ossuary: 308 daAuts
     D:6: 119 daAuts
  Temple: 25 daAuts
